 Dungeon Crawl Stone Soup version 0.26-a0-667-g92642533e4 (webtiles) character file.

Game seed: 1374136635517678513

5540 robertstho the Cleaver (level 10, -6/90 HPs)
             Began as a Minotaur Berserker on Oct 16, 2020.
             Was a High Priest of Trog.
             Mangled by Snorg (12 damage)
             ... on level 10 of the Dungeon.
             The game lasted 00:11:25 (9256 turns).

robertstho the Cleaver (Minotaur Berserker)         Turns: 9256, Time: 00:11:29

Health: -6/90      AC: 16    Str: 24    XL:     10   Next: 43%
Magic:  9/9        EV:  6    Int:  5    God:    Trog [*****.]
Gold:   363        SH: 16    Dex: 10    Spells: 9/9 levels left

rFire    + . .     SeeInvis .   a - +0 hand axe
rCold    x . .     Faith    .   v - +0 tower shield
rNeg     + . .     Spirit   .   o - +0 plate armour
rPois    .         Reflect  .   (helmet restricted)
rElec    .         Harm     .   m - +0 cloak
rCorr    .         Rampage  .   (no gloves)
MR       .....                  B - +0 pair of boots
Stlth    ..........             (no amulet)
HPRegen  0.25/turn              K - ring of fire
MPRegen  0.11/turn              b - ring of positive energy

@: berserk cooldown, slowed, invisible, very slow
A: retaliatory headbutt, horns 2
a: Berserk, Trog's Hand, Brothers in Arms, Renounce Religion


You were on level 10 of the Dungeon.
You worshipped Trog.
Trog was extremely pleased with you.
You visited 1 branch of the dungeon, and saw 10 of its levels.

You collected 363 gold pieces.

Inventory:

Hand Weapons
 a - a +0 hand axe (weapon)
 l - a +2 quarterstaff of chaos
 w - a +4 spear of venom
Missiles
 y - 25 poisoned darts (quivered)
Armour
 m - a +0 cloak (worn)
 n - a +1 ring mail of cold resistance
 o - a +0 plate armour (worn)
 v - a +0 tower shield (worn)
 B - a +0 pair of boots (worn)
Jewellery
 b - a ring of positive energy (right hand)
 e - an uncursed ring of flight
 K - a ring of fire (left hand)
Wands
 E - a wand of digging (10)
 G - a wand of paralysis (17)
Scrolls
 f - a scroll of noise {unknown}
 g - 2 scrolls of amnesia {unknown}
 j - 2 scrolls of remove curse
 p - 3 scrolls of magic mapping {unknown}
 x - 2 scrolls of enchant weapon {unknown}
 z - a scroll of enchant armour {unknown}
 C - 2 scrolls of teleportation {unknown}
 D - a scroll of blinking {unknown}
 F - a scroll of summoning {unknown}
 H - a scroll of immolation {unknown}
 I - a scroll of fear {unknown}
Potions
 d - 2 potions of haste
 k - 2 potions of invisibility
 q - a potion of flight
 r - a potion of stabbing {unknown}
 s - 5 potions of lignification {unknown}
 t - 2 potions of ambrosia
 A - 7 potions of curing


   Skills:
 * Level 8.4 Fighting
 * Level 12.0 Axes
 * Level 8.4 Armour
 * Level 6.3 Dodging
 + Level 0.9 Stealth
 + Level 6.5 Shields


You had 9 spell levels left.
You didn't know any spells.
Your spell library was empty.

Dungeon Overview and Level Annotations

Branches:
Dungeon (10/15)            Temple (0/1) D:7
   Lair: D:8-11         Orc: D:9-12

Altars:
Ashenzari
Cheibriados
Dithmenos
Fedhas
Kikubaaqudgha
Makhleb
Ru

Annotations:
D:10 Snorg


Innate Abilities, Weirdness & Mutations

You reflexively headbutt those who attack you in melee.
You have a pair of horns on your head.


Message History

Snorg barely misses you.
Okay, then.
You feel much better. You block Snorg's attack. x2
Snorg claws you but does no damage. You block the iguana's attack.
Snorg bites you!
* * * LOW HITPOINT WARNING * * *
Snorg claws you!
* * * LOW HITPOINT WARNING * * *
Snorg claws you.
* * * LOW HITPOINT WARNING * * *
You block the iguana's attack.
Okay, then.
You fade into invisibility!
Snorg barely misses you. You block Snorg's attack.
Snorg claws you but does no damage.
A hornet comes into view.
A shadow imp comes into view.
You block Snorg's attack. Snorg barely misses you.
Snorg claws you but does no damage. You block the iguana's attack.
Snorg bites you!
You die...

#........... .
...........###..
#.)............
#............. #
#.........y...
#.##.....<.......
..............(..
....>..††........
......T@.†.......
......l†#........
........#...#....
........#...##...
.......##.......#
....... ......
..5.... ...#...
....... ...#...


You could see Snorg (berserk), a hornet (wandering), an iguana and a shadow imp
(wandering).

Vanquished Creatures
  Pikel (D:5)
  Grinder (D:5)
  Prince Ribbit (D:7)
  6 yaks (D:10)
  Menkaure (D:5)
  A water moccasin (D:6)
  An orc warrior (D:7)
  A necrophage (D:6)
  A sky beast (D:8)
  A black bear (D:9)
  3 ogres
  A wolf (D:5)
  A phantom (D:5)
  3 centaurs
  6 bullfrogs
  4 gnoll sergeants
  3 scorpions
  3 killer bees (D:9)
  A howler monkey (D:4)
  4 orc priests
  2 bullfrog zombies
  A gnoll shaman (D:7)
  7 hounds
  Crazy Yiuf (D:2)
  A bullfrog skeleton (D:7)
  3 centaur skeletons
  Jessica (D:2)
  3 iguanas
  4 worker ants
  16 orc wizards
  2 hound skeletons
  Robin (D:2)
  8 adders
  20 gnolls
  A howler monkey skeleton (D:6)
  2 shadow imps
  A white imp (D:6)
  An ufetubus (D:5)
  An ooze (D:1)
  An adder skeleton (D:4)
  3 worms
  2 dart slugs
  8 leopard geckos
  30 orcs
  A ball python (D:4)
  9 giant cockroaches
  9 goblins
  13 hobgoblins
  11 jackals
  6 kobolds
  6 quokkas
  5 bats (D:1)
  3 frilled lizards
  A quokka skeleton (D:5)
  10 rats
238 creatures vanquished.

Notes
Turn   | Place    | Note
-------+----------+-------------------------------------------
     0 | D:1      | robertstho the Minotaur Berserker began the quest for the
                  | Orb.
     0 | D:1      | Reached XP level 1. HP: 19/19 MP: 0/0
   236 | D:1      | Reached skill level 4 in Axes
   236 | D:1      | Reached XP level 2. HP: 27/27 MP: 1/1
   837 | D:2      | Reached XP level 3. HP: 28/33 MP: 2/2
   902 | D:2      | Reached ** piety under Trog
  1047 | D:2      | Noticed Robin
  1057 | D:2      | Killed Robin
  1411 | D:2      | Reached XP level 4. HP: 34/41 MP: 3/3
  1558 | D:2      | Found a runed translucent door.
  1559 | D:2      | Noticed Crazy Yiuf
  1559 | D:2      | Noticed Jessica
  1863 | D:2      | Killed Jessica
  1863 | D:2      | Reached skill level 5 in Axes
  1866 | D:2      | Killed Crazy Yiuf
  1866 | D:2      | Reached XP level 5. HP: 43/47 MP: 4/4
  2294 | D:3      | Reached skill level 5 in Fighting
  2442 | D:3      | Found a sacrificial altar of Ru.
  2573 | D:3      | Found a blossoming altar of Fedhas.
  2852 | D:4      | Reached *** piety under Trog
  2876 | D:4      | Found a broken altar of Ashenzari.
  2918 | D:4      | Reached XP level 6. HP: 56/56 MP: 5/5
  2918 | D:4      | Reached skill level 6 in Axes
  3337 | D:4      | Reached skill level 7 in Axes
  3550 | D:4      | Reached XP level 7. HP: 61/61 MP: 6/6
  3904 | D:5      | Entered Level 5 of the Dungeon
  3977 | D:5      | Noticed Menkaure
  3986 | D:5      | Killed Menkaure
  3986 | D:5      | Reached skill level 8 in Axes
  4117 | D:5      | Found a snail-covered altar of Cheibriados.
  4480 | D:5      | Reached **** piety under Trog
  4495 | D:5      | Reached skill level 1 in Shields
  4623 | D:5      | Noticed Pikel
  4631 | D:5      | Killed Pikel
  4631 | D:5      | Reached skill level 9 in Axes
  4631 | D:5      | Reached skill level 5 in Armour
  4631 | D:5      | Reached XP level 8. HP: 70/70 MP: 7/7
  4794 | D:5      | Noticed Grinder
  4796 | D:5      | Paralysed by Grinder for 7 turns
  4808 | D:5      | Killed Grinder
  4808 | D:5      | Reached skill level 10 in Axes
  4985 | D:5      | Found a sacrificial altar of Ru.
  5032 | D:5      | Found a shadowy altar of Dithmenos.
  5194 | D:5      | Reached skill level 5 in Dodging
  5203 | D:5      | Reached XP level 9. HP: 45/78 MP: 8/8
  6394 | D:6      | Found a burning altar of Makhleb.
  6394 | D:6      | Noticed a cacodemon
  6657 | D:7      | Found a staircase to the Ecumenical Temple.
  6787 | D:7      | Reached ***** piety under Trog
  6930 | D:7      | Reached skill level 11 in Axes
  6978 | D:7      | Noticed Prince Ribbit
  6985 | D:7      | Killed Prince Ribbit
  6985 | D:7      | Reached skill level 5 in Shields
  7832 | D:8      | Found an ancient bone altar of Kikubaaqudgha.
  8097 | D:8      | Reached XP level 10. HP: 79/88 MP: 9/9
  8318 | D:9      | Found a broken altar of Ashenzari.
  9218 | D:10     | Entered Level 10 of the Dungeon
  9234 | D:10     | Noticed Snorg
  9236 | D:10     | Reached skill level 12 in Axes
  9256 | D:10     | Mangled by Snorg

Illustrated notes

Levels and vault maps discovered:
D:1:      dpeg_arrival_lava_altar, layout_basic
D:2:      layout_basic, uniq_crazy_yiuf_cottage, uniq_robin, uniq_jessica
D:3:      layout_loops_ring, lemuel_doored_altar, fedhas_altar_4
D:4:      layout_cave_pods, nicolae_ashenzari_panopticon, supply_closet_lemuel,
          bh_walls_and_bars
D:5:      layout_cave_pods, kennysheep_slug_shrine, basic_altar,
          serial_gnoll_camp, gnoll_camp_mini_loothouse, gnoll_camp_mini_hut,
          gnoll_camp_mini_basic, gnoll_camp_mini_basic, gnoll_camp_mini_house,
          nicolae_dithmenos_through_a_glass_darkly, uniq_pikel, uniq_grinder,
          uniq_menkaure
D:6:      layout_basic, makhleb_altar_promises_db
D:7:      layout_gridville, minmay_temple_entry_arrows, uniq_prince_ribbit1
D:8:      layout_gridville, basic_altar
D:9:      layout_long_grid, basic_altar, hex_medium
D:10:     layout_cave_pools, uniq_snorg

Skill      XL: |  1  2  3  4  5  6  7  8  9 10 |
---------------+-------------------------------+-----
Fighting       | 4 5 6 8 |  8.4
Axes           | 4 5 7 9 10 11 12 | 12.0
Armour         | 3 4 5 6 7 8 |  8.4
Dodging        | 3 4 5 6 |  6.3
Shields        | 2 3 5 6 |  6.5
Stealth        | |  0.9

Action                   |  1- 3 |  4- 6 |  7- 9 | 10-12 || total
-------------------------+-------+-------+-------+-------++-------
Melee: Hand axe          |    80 |   137 |   462 |   100 ||   779
       Headbutt          |    11 |    28 |    79 |    22 ||   140
Invok: Berserk           |     1 |     3 |     4 |     2 ||    10
       Trog's Hand       |       |     1 |     1 |       ||     2
  Use: Scroll            |       |       |       |     6 ||     6
       Potion            |       |       |       |     2 ||     2
Armor: Animal skin       |    11 |     4 |       |       ||    15
       Plate armour      |       |    60 |   181 |    42 ||   283
       Ring mail         |       |     4 |       |       ||     4
Dodge: Dodged            |    45 |    63 |    57 |    16 ||   181
Block: Tower shield      |       |       |   309 |    92 ||   401

Table legend: (Time is in decaauts)
 A = Elapsed time spent in this place.
 B = Non-inter-level travel time spent in this place.
 C = Inter-level travel time spent in this place.
 D = Time resting spent in this place.
 E = Time spent auto-exploring this place.
 F = Levels seen in this place.
 G = Mean time per level.
                   A        B        C        D        E       F      G
               +--------+--------+--------+--------+--------+-----+--------+
         Total |   9289 |   9063 |    226 |      0 |   7658 |  10 |  928.9 |
       Dungeon |   9289 |   9063 |    226 |      0 |   7658 |  10 |  928.9 |
               +--------+--------+--------+--------+--------+-----+--------+

Top non-repeatable levels by time:
     D:5: 1503 daAuts
     D:2: 1219 daAuts
     D:6: 1190 daAuts
     D:4: 1096 daAuts
     D:7: 1034 daAuts
     D:9: 914 daAuts
     D:3: 812 daAuts
     D:1: 810 daAuts
     D:8: 682 daAuts
    D:10: 26 daAuts
